 Dungeon Sprint DCSS version 0.21-a0-297-ga3d34c2 (webtiles) character file.

1519 potatolord6000 the Martial Artist (level 8, -3/72 HPs)
             Began as a Gnoll Transmuter on Sept 28, 2017.
             Slain by a polar bear (4 damage)
             ... in the Dungeon (Sprint II: "The Violet Keep of Menkaure").
             The game lasted 00:05:41 (651 turns).

potatolord6000 the Martial Artist (Gnoll Transmuter) Turns: 651, Time: 00:05:41

Health: -3/72      AC:  6    Str: 14    XL:     8   Next: 84%
Magic:  19/20      EV: 18    Int: 15    God:
Gold:   135        SH:  0    Dex: 17    Spells: 13/23 levels left

rFire    x . .     SeeInvis .     - Unarmed
rCold    + + +     Gourm    .   (shield currently unavailable)
rNeg     . . .     Faith    .   (armour currently unavailable)
rPois    +         Spirit   .   (helmet currently unavailable)
rElec    .         Reflect  .   (cloak currently unavailable)
rCorr    .         Harm     .   (gloves currently unavailable)
MR       .....     NoTele   +   (boots currently unavailable)
Stlth    ++++......             (no amulet)
HPRegen  0.22/turn              d - +2 ring of slaying
MPRegen  0.17/turn              f - +3 ring of evasion

@: ice-form (expiring)
A: distributed training, deterioration 1, frail 1, strong nose
a: End Transformation


You were in the Dungeon.
You were full.
You were a creature of crystalline ice.
You visited 1 branch You collected 988 gold pieces.
You spent 853 gold pieces at shops.

Inventory:

Armour
 i - the +3 ring mail of the Eternal Fruit (melded) {rElec rN+ MR- Dex+5}
   (You bought it in a shop in the Dungeon)

   It affects your dexterity (+5).
   It insulates you from electricity.
   It protects you from negative energy.
   It affects your resistance to hostile enchantments.
Jewellery
 d - a +2 ring of slaying (left front paw)
 f - a +3 ring of evasion (right front paw)
Scrolls
 j - a scroll of blinking
Potions
 h - 2 potions of magic
Books
 c - a book of Changes

   Spells                             Type                      Level
   a - Beastly Appendage              Transmutation                1
   b - Sticks to Snakes               Transmutation                2
   c - Spider Form                    Transmutation/Poison         3
   d - Ice Form                       Ice/Transmutation            4
   e - Blade Hands                    Transmutation                5
Comestibles
 a - a meat ration


   Skills:
 + Level 7.2 Fighting
 + Level 6.6 Short Blades
 + Level 6.5 Long Blades
 + Level 6.7 Axes
 + Level 6.5 Maces & Flails
 + Level 6.6 Polearms
 + Level 6.2 Staves
 + Level 6.7 Slings
 + Level 6.5 Bows
 + Level 7.0 Crossbows
 + Level 6.7 Throwing
 + Level 6.4 Armour
 + Level 8.3 Dodging
 + Level 6.6 Stealth
   Level 0.0 Stabbing
 + Level 6.4 Shields
   Level 0.0 Traps
 + Level 9.1 Unarmed Combat
 + Level 8.0 Spellcasting
 + Level 6.8 Conjurations
 + Level 6.4 Hexes
 + Level 6.4 Charms
 + Level 6.7 Summonings
 + Level 6.7 Necromancy
 + Level 6.0 Translocations
 + Level 8.0 Transmutations
 + Level 6.5 Fire Magic
 + Level 6.7 Ice Magic
 + Level 7.2 Air Magic
 + Level 6.5 Earth Magic
 + Level 6.8 Poison Magic
 + Level 6.2 Invocations
 + Level 6.6 Evocations


You had 13 spell levels left.
You knew the following spells:

 Your Spells              Type           Power        Failure   Level  Hunger
a - Beastly Appendage     Tmut           ####..       1%          1    None
b - Ice Form              Ice/Tmut       ####....     5%          4    ####...
c - Blade Hands           Tmut           ####......   12%         5    #####..


Dungeon Overview and Level Annotations

Branches:
Dungeon (1/1)

Altars:
Dithmenos
Elyvilon
Fedhas
Gozag
Kikubaaqudgha
Makhleb
Nemelex Xobeh
Okawaru
Qazlal
Ru
Sif Muna
Trog
Uskayaw
Vehumet
Wu Jian
Xom
Yredelemnul
Zin
The Shining One
Jiyva
Lugonu

Shops:
D :*%%!=}(}?:=[:[!

Annotations:
D exclusion: oklob plant


Innate Abilities, Weirdness & Mutations

Your experience applies equally to all skills.
((You have very sharp teeth.))
Your uncanny sense of smell can sniff out nearby items.
Your body sometimes deteriorates upon taking damage.
You are frail. (-10% HP)


Message History

Your Transmutations skill increases to level 8!
Your Invocations skill increases to level 6!
The polar bear bites you. The polar bear claws you.
The polar bear closely misses you. The hornet closely misses you.
You hit the polar bear.
The polar bear is lightly wounded.
The hornet misses you. The polar bear barely misses you.
The polar bear claws you but does no damage.
The polar bear misses you.
Unknown command.
You punch the polar bear! You freeze the polar bear.
The polar bear is moderately wounded.
The hornet stings you!
Unknown command.
You feel better. The hornet stings you!
* * * LOW HITPOINT WARNING * * *
The polar bear bites you!
* * * LOW HITPOINT WARNING * * *
The polar bear claws you.
You die...

.##+## ∆ ##.#.## ∆ ## ∆∆
∆ #..#..# .# ∆ ##.†.#
##. .# ∆ ###+###÷##..#
.# # ∆ ###.##.#.#..#∆ .#
.# ∆ #'.<.+###'..###
.##.# ∆ .##.##†#
#....###h..##▓▓
###+###.##......Yyc≈≈≈≈≈
##.#.####≈≈.....≈#+#####
#††##†#≈≈≈≈≈≈§..≈#_._...
##..###≈≈≈§≈§§§.≈#._._..
≈##+##≈≈≈≈§≈§§§≈≈#_._._.
≈≈≈≈≈≈≈≈≈≈≈≈§§≈≈≈#._._._
+++#+++#≈≈§§≈≈≈≈≈#_._._.
≈§§≈≈ ##≈≈≈###§≈#._._._
§≈§§≈≈§≈##§§#∆#≈≈#.._._.


You could see a polar bear, a yaktaur and a hornet.

Vanquished Creatures
  A polar bear (D)
  2 hippogriffs (D)
  4 neqoxecs (D)
  4 necrophages (D)
  A crocodile (D)
  A scorpion (D)
  3 worms (D)
16 creatures vanquished.

Vanquished Creatures (others)
  Menkaure (D)
  A crocodile (D)
2 creatures vanquished.

Grand Total: 18 creatures vanquished

Notes
Turn   | Place    | Note
-------+----------+-------------------------------------------
     0 | D        | potatolord6000 the Gnoll Transmuter began the quest for the Orb.
     0 | D        | Reached XP level 1. HP: 17/17 MP: 6/6
     4 | D        | Noticed a neqoxec
     7 | D        | Gained mutation: You are frail. (-10% HP) [a neqoxec]
    10 | D        | Noticed a neqoxec
    11 | D        | Noticed an iron imp
    11 | D        | Noticed a crimson imp
    11 | D        | Noticed an iron imp
    12 | D        | Noticed a crimson imp
    13 | D        | Killed a neqoxec
    13 | D        | Reached skill level 5 in Dodging
    13 | D        | Reached skill level 7 in Unarmed Combat
    13 | D        | Reached skill level 5 in Spellcasting
    13 | D        | Reached skill level 5 in Transmutations
    13 | D        | Reached XP level 2. HP: 22/22 MP: 5/8
    13 | D        | Reached XP level 3. HP: 27/27 MP: 6/10
    13 | D        | Reached XP level 4. HP: 33/33 MP: 6/11
    13 | D        | Reached XP level 5. HP: 37/37 MP: 7/13
    18 | D        | Killed a neqoxec
    18 | D        | Reached XP level 6. HP: 44/44 MP: 9/15
    21 | D        | Found Xumyrphot's Jewellery Shoppe.
    21 | D        | Found Uwiwn's Book Shoppe.
    21 | D        | Noticed a neqoxec
    21 | D        | Noticed a neqoxec
    24 | D        | Gained mutation: Your body sometimes deteriorates upon taking damage. [a neqoxec]
    34 | D        | Killed a neqoxec
    34 | D        | Reached skill level 5 in Fighting
    34 | D        | Reached skill level 5 in Short Blades
    34 | D        | Reached skill level 5 in Bows
    34 | D        | Reached skill level 8 in Unarmed Combat
    34 | D        | Reached skill level 5 in Conjurations
    34 | D        | Reached skill level 5 in Poison Magic
    35 | D        | Found Arolur's Antique Weapon Shoppe.
    35 | D        | Found Cyazomo's Gadget Emporium.
    35 | D        | Found Usmoumof's Book Emporium.
    36 | D        | Found Pegrik's Distillery.
    41 | D        | Killed a neqoxec
    41 | D        | Reached skill level 5 in Axes
    41 | D        | Reached skill level 5 in Polearms
    41 | D        | Reached skill level 5 in Throwing
    41 | D        | Reached skill level 5 in Armour
    41 | D        | Reached skill level 5 in Stealth
    41 | D        | Reached skill level 5 in Summonings
    41 | D        | Reached skill level 5 in Ice Magic
    41 | D        | Reached skill level 5 in Air Magic
    41 | D        | Reached skill level 5 in Evocations
    41 | D        | Reached XP level 7. HP: 15/50 MP: 11/17
    42 | D        | Found Usanut's Antique Armour Emporium.
    42 | D        | Found Zamusioj's Magic Scroll Shoppe.
    42 | D        | Found Xyisotw Xato's Gadget Emporium.
   320 | D        | Learned a level 4 spell: Ice Form
   326 | D        | Learned a level 5 spell: Blade Hands
   333 | D        | Reached skill level 5 in Slings
   333 | D        | Reached skill level 5 in Crossbows
   333 | D        | Reached skill level 5 in Shields
   333 | D        | Reached skill level 5 in Hexes
   333 | D        | Reached skill level 5 in Charms
   333 | D        | Reached skill level 5 in Fire Magic
   335 | D        | Reached skill level 5 in Long Blades
   335 | D        | Reached skill level 5 in Maces & Flails
   335 | D        | Reached skill level 5 in Staves
   335 | D        | Reached skill level 5 in Earth Magic
   335 | D        | Reached skill level 5 in Invocations
   338 | D        | Reached skill level 5 in Necromancy
   338 | D        | Reached skill level 5 in Translocations
   350 | D        | Noticed a hippogriff
   350 | D        | Noticed a hippogriff
   355 | D        | Killed a hippogriff
   355 | D        | Reached XP level 8. HP: 39/56 MP: 17/19
   357 | D        | Killed a hippogriff
   505 | D        | Killed Menkaure
   519 | D        | Found Laguasao's Antique Armour Shoppe.
   520 | D        | Found Xot Woum's Jewellery Emporium.
   520 | D        | Found Zoynet's Distillery.
   520 | D        | Found Loig's Food Emporium.
   521 | D        | Found Dumem's Food Shoppe.
   521 | D        | Found Agroteod's General Store.
   521 | D        | Noticed a death yak
   523 | D        | Noticed an oklob plant
   524 | D        | Found Mearphemu's Book Shoppe.
   528 | D        | Noticed a great orb of eyes
   530 | D        | Noticed a polar bear
   535 | D        | Bought a +2 ring of slaying for 252 gold pieces
   535 | D        | Bought a +3 ring of evasion for 252 gold pieces
   541 | D        | Bought a runed robe for 96 gold pieces
   542 | D        | Bought a jewelled ring mail for 198 gold pieces
   565 | D        | Identified the +3 ring mail of the Eternal Fruit {rElec rN+ MR- Dex+5} (You bought it in a shop in the Dungeon)
   588 | D        | Bought a meat ration for 55 gold pieces
   635 | D        | Found a radiant altar of Vehumet.
   635 | D        | Found an iron altar of Okawaru.
   635 | D        | Found a glowing silver altar of Zin.
   636 | D        | Found a sparkling altar of Nemelex Xobeh.
   636 | D        | Found a hide-covered altar of Uskayaw.
   636 | D        | Found a basalt altar of Yredelemnul.
   636 | D        | Found a glowing golden altar of the Shining One.
   637 | D        | Found a burning altar of Makhleb.
   637 | D        | Found an opulent altar of Gozag.
   637 | D        | Found a bloodstained altar of Trog.
   637 | D        | Found a shimmering altar of Xom.
   638 | D        | Found a blossoming altar of Fedhas.
   638 | D        | Found a corrupted altar of Lugonu.
   638 | D        | Found a deep blue altar of Sif Muna.
   638 | D        | Found an ornate altar of the Wu Jian Council.
   639 | D        | Found a white marble altar of Elyvilon.
   639 | D        | Found an ancient bone altar of Kikubaaqudgha.
   639 | D        | Found a sacrificial altar of Ru.
   639 | D        | Noticed a polar bear
   640 | D        | Noticed a polar bear
   641 | D        | Found a shadowy altar of Dithmenos.
   641 | D        | Found a viscous altar of Jiyva.
   641 | D        | Found a stormy altar of Qazlal.
   644 | D        | Noticed a hornet
   648 | D        | Noticed a yaktaur
   648 | D        | Killed a polar bear
   648 | D        | Reached skill level 9 in Unarmed Combat
   651 | D        | HP: 1/72 [polar bear (12)]
   651 | D        | Slain by a polar bear

Vault maps used:
D:        the_violet_keep_of_menkaure

Skill      XL: |  1  2  3  4  5  6  7  8 |
---------------+-------------------------+-----
Fighting       | 3 4 5 6 7 |  7.2
Short Blades   | 3 4 5 6 |  6.6
Long Blades    | 2 3 4 5 6 |  6.5
Axes           | 2 4 5 6 |  6.7
Maces & Flails | 2 3 4 5 6 |  6.5
Polearms       | 3 4 5 6 |  6.6
Staves         | 2 3 4 5 6 |  6.2
Slings         | 2 3 4 5 6 |  6.7
Bows           | 3 4 5 6 |  6.5
Crossbows      | 3 4 6 7 |  7.0
Throwing       | 2 4 5 6 |  6.7
Armour         | 2 3 5 6 |  6.4
Dodging        | 5 6 8 |  8.3
Stealth        | 3 5 6 |  6.6
Shields        | 2 3 4 5 6 |  6.4
Unarmed Combat | 7 8 9 |  9.1
Spellcasting   | 5 6 7 8 |  8.0
Conjurations   | 3 4 5 6 |  6.8
Hexes          | 2 3 4 5 6 |  6.4
Charms         | 2 3 4 6 |  6.4
Summonings     | 3 4 5 6 |  6.7
Necromancy     | 2 3 4 5 6 |  6.7
Translocations | 2 3 4 5 6 |  6.0
Transmutations | 5 6 7 8 |  8.0
Fire Magic     | 2 3 4 5 6 |  6.5
Ice Magic      | 3 4 5 6 |  6.7
Air Magic      | 2 3 5 6 7 |  7.2
Earth Magic    | 2 3 4 5 6 |  6.5
Poison Magic   | 3 4 5 6 |  6.8
Invocations    | 2 3 4 5 6 |  6.2
Evocations     | 3 4 5 6 |  6.6

Action                   |  1- 3 |  4- 6 |  7- 9 || total
-------------------------+-------+-------+-------++-------
Melee: Unarmed           |     7 |    22 |    32 ||    61
       Headbutt          |     1 |    10 |       ||    11
       Bite              |       |     2 |       ||     2
 Cast: Beastly Appendage |     1 |     1 |       ||     2
       Ice Form          |       |       |     3 ||     3
  Use: Potion            |     2 |     1 |     1 ||     4
 Stab: Sleeping          |       |       |     3 ||     3
  Eat: Bread ration      |       |       |     1 ||     1
Armor: Robe              |       |     1 |       ||     1
       Skin              |       |       |    12 ||    12
Dodge: Dodged            |     3 |     4 |    41 ||    48

Table legend:
 A = Spawn XP
 B = Non-spawn XP
 C = Spawn XP percentage of total XP
 D = Spawn monster count
 E = Non-spawn monster count
 F = Spawn count percentage of total count
 G = Total turns spent on level
                    A         B        C        D         E        F      G
               +---------+---------+-------+---------+---------+-------+---------
         Total |       0 |    2170 |   0.0 |       0 |      16 |   0.0 |   651
               +---------+---------+-------+---------+---------+-------+---------
             D |       0 |    2170 |   0.0 |       0 |      16 |   0.0 |   651
               +---------+---------+-------+---------+---------+-------+---------
